| TOP OF THE 1ST |
|
Los Angeles Dodgers batting - Pitching for Philadelphia Phillies : RHP Julian Bush
|
|
Pitching: RHP Julian Bush
|
|
|
Batting: SHB Carlos Rodriguez
|
0-0: Ball 1-0: Ground out 6-3 (Groundball, 6M, EV 106.2 MPH)
|
|
Batting: RHB Tsutomu Irie
|
0-0: Ball 1-0: Foul Ball, location: 2F 1-1: Fly out, F8 (Flyball, 8RM, EV 88.1 MPH)
|
|
Batting: LHB Bob Branham
|
0-0: Foul Ball, location: 2F 0-1: Foul Ball, location: 2F 0-2: Ball 1-2: Foul Ball, location: 2F 1-2: Ball 2-2: Ball 3-2: Ground out 5-3 (Groundball, 6S, EV 68.1 MPH)
|
| Top of the 1st over - 0 runs, 0 hits, 0 errors, 0 left on base; Los Angeles 0 - Philadelphia 0 |
| BOTTOM OF THE 1ST |
|
Philadelphia Phillies batting - Pitching for Los Angeles Dodgers : RHP Adrian Serratos
|
|
Pitching: RHP Adrian Serratos
|
|
|
Batting: RHB Ji-an Li
|
0-0: Ball 1-0: Called Strike 1-1: Called Strike 1-2: Ground out 5-3 (Groundball, 56S, EV 79.4 MPH)
|
|
Batting: LHB Nick Canizales
|
0-0: Ball 1-0: Called Strike 1-1: Ball 2-1: Swinging Strike 2-2: Ball 3-2: Ground out 4-3 (Groundball, 4, EV 105.6 MPH)
|
|
Batting: LHB Eric Katz
|
0-0: Called Strike 0-1: Ball 1-1: Ball 2-1: Ground out 6-3 (Groundball, 6M, EV 84.4 MPH)
|
| Bottom of the 1st over - 0 runs, 0 hits, 0 errors, 0 left on base; Los Angeles 0 - Philadelphia 0 |
| TOP OF THE 2ND |
|
Los Angeles Dodgers batting - Pitching for Philadelphia Phillies : RHP Julian Bush
|
|
Batting: LHB Lirak Bazhunaishvili
|
0-0: Called Strike 0-1: Ground out U3 (Groundball, 34S, EV 95.0 MPH)
|
|
Batting: RHB Clay Buchanan
|
0-0: Ball 1-0: Called Strike 1-1: Hit by Pitch
|
|
Batting: LHB Ryan Taylor
|
0-0: Ball 1-0: Called Strike 1-1: Ball Clay Buchanan is caught stealing 2nd base 2-6 2-1: Called Strike 2-2: Foul Ball, location: 2F 2-2: Strikes out swinging
|
| Top of the 2nd over - 0 runs, 0 hits, 0 errors, 0 left on base; Los Angeles 0 - Philadelphia 0 |
| BOTTOM OF THE 2ND |
|
Philadelphia Phillies batting - Pitching for Los Angeles Dodgers : RHP Adrian Serratos
|
|
Batting: LHB Ryan Trombley
|
0-0: Called Strike 0-1: Ball 1-1: Called Strike 1-2: Strikes out swinging
|
|
Batting: RHB Raul de la Cruz
|
0-0: Ball 1-0: Ball 2-0: Foul Ball, location: 2F 2-1: Called Strike 2-2: Ground out 1-3 (Groundball, 15S, EV 70.0 MPH)
|
|
Batting: LHB Alberto Figueroa
|
0-0: Called Strike 0-1: Ground out 6-3 (Groundball, 6D, EV 105.6 MPH)
|
| Bottom of the 2nd over - 0 runs, 0 hits, 0 errors, 0 left on base; Los Angeles 0 - Philadelphia 0 |
| TOP OF THE 3RD |
|
Los Angeles Dodgers batting - Pitching for Philadelphia Phillies : RHP Julian Bush
|
|
Batting: RHB Ben Mischnick
|
0-0: Called Strike 0-1: Swinging Strike 0-2: Strikes out looking
|
|
Batting: LHB Dalton Silveira
|
0-0: Fly out, F8 (Flyball, 78D, EV 78.1 MPH)
|
|
Batting: RHB Edwin Soto
|
0-0: Ball 1-0: Called Strike 1-1: Fly out, F9 (Flyball, 9LD, EV 101.2 MPH)
|
| Top of the 3rd over - 0 runs, 0 hits, 0 errors, 0 left on base; Los Angeles 0 - Philadelphia 0 |
| BOTTOM OF THE 3RD |
|
Philadelphia Phillies batting - Pitching for Los Angeles Dodgers : RHP Adrian Serratos
|
|
Batting: RHB Chef Belew
|
0-0: SINGLE (Groundball, 6MD, EV 106.9 MPH)
|
|
Batting: SHB Patrick Kimmel
|
0-0: Ball 1-0: Swinging Strike 1-1: Ball 2-1: Foul Ball, location: 2F 2-2: Strikes out looking
|
|
Batting: RHB Luis Arce
|
0-0: Ground out 6-3 (Groundball, 6S, EV 73.8 MPH) Chef Belew to second
|
|
Batting: RHB Ji-an Li
|
0-0: Foul Ball, location: 2F 0-1: Ball 1-1: Foul Ball, location: 2F 1-2: Foul Ball, location: 2F 1-2: Ball 2-2: Foul Ball, location: 2F 2-2: Ball 3-2: Base on Balls
|
|
Batting: LHB Nick Canizales
|
0-0: Ball 1-0: Foul Ball, location: 2F 1-1: Fly out, F9 (Line Drive, 89M, EV 91.9 MPH)
|
| Bottom of the 3rd over - 0 runs, 1 hit, 0 errors, 2 left on base; Los Angeles 0 - Philadelphia 0 |
| TOP OF THE 4TH |
|
Los Angeles Dodgers batting - Pitching for Philadelphia Phillies : RHP Julian Bush
|
|
Batting: SHB Carlos Rodriguez
|
0-0: Called Strike 0-1: Foul Ball, location: 2F 0-2: Ground out 4-3 (Groundball, 4, EV 101.9 MPH)
|
|
Batting: RHB Tsutomu Irie
|
0-0: Fly out, F9 (Flyball, 9LS, EV 70.6 MPH)
|
|
Batting: LHB Bob Branham
|
0-0: SINGLE (Groundball, 3D, EV 96.9 MPH)
|
|
Batting: LHB Lirak Bazhunaishvili
|
0-0: Ball 1-0: Swinging Strike 1-1: Swinging Strike 1-2: Ball 2-2: Ball 3-2: Strikes out swinging
|
| Top of the 4th over - 0 runs, 1 hit, 0 errors, 1 left on base; Los Angeles 0 - Philadelphia 0 |
| BOTTOM OF THE 4TH |
|
Philadelphia Phillies batting - Pitching for Los Angeles Dodgers : RHP Adrian Serratos
|
|
Batting: LHB Eric Katz
|
0-0: Ball 1-0: Ball 2-0: Swinging Strike 2-1: Swinging Strike 2-2: Fly out, F8 (Flyball, 8RD, EV 105.0 MPH)
|
|
Batting: LHB Ryan Trombley
|
0-0: Called Strike 0-1: Ball 1-1: Foul Ball, location: 2F 1-2: Fly out, F7 (Flyball, 7S, EV 85.0 MPH)
|
|
Batting: RHB Raul de la Cruz
|
0-0: Ball 1-0: Ball 2-0: Foul Ball, location: 2F 2-1: Swinging Strike 2-2: Foul Ball, location: 2F 2-2: Fly out, F9 (Flyball, 9D, EV 83.1 MPH)
|
| Bottom of the 4th over - 0 runs, 0 hits, 0 errors, 0 left on base; Los Angeles 0 - Philadelphia 0 |
| TOP OF THE 5TH |
|
Los Angeles Dodgers batting - Pitching for Philadelphia Phillies : RHP Julian Bush
|
|
Batting: RHB Clay Buchanan
|
0-0: SINGLE (Groundball, 6MD, EV 106.2 MPH)
|
|
Batting: LHB Ryan Taylor
|
0-0: Ball 1-0: Sac Bunt to 13 - play at first, batter OUT! 1-3 Clay Buchanan to second
|
|
Batting: RHB Ben Mischnick
|
0-0: Swinging Strike 0-1: Ball 1-1: Swinging Strike 1-2: Strikes out swinging
|
|
Batting: LHB Dalton Silveira
|
0-0: Called Strike 0-1: Ground out 4-3 (Groundball, 4, EV 81.2 MPH)
|
| Top of the 5th over - 0 runs, 1 hit, 0 errors, 1 left on base; Los Angeles 0 - Philadelphia 0 |
| BOTTOM OF THE 5TH |
|
Philadelphia Phillies batting - Pitching for Los Angeles Dodgers : RHP Adrian Serratos
|
|
Batting: LHB Alberto Figueroa
|
0-0: Ball 1-0: Ball 2-0: Swinging Strike 2-1: Fly out, F7 (Line Drive, 7, EV 91.9 MPH)
|
|
Batting: RHB Chef Belew
|
0-0: Ball 1-0: Called Strike 1-1: Ball 2-1: Called Strike 2-2: Strikes out swinging
|
|
Batting: SHB Patrick Kimmel
|
0-0: Called Strike 0-1: Swinging Strike 0-2: Ball 1-2: Ball 2-2: Foul Ball, location: 2F 2-2: Ball 3-2: Foul Ball, location: 2F 3-2: Base on Balls
|
|
Batting: RHB Luis Arce
|
0-0: Called Strike 0-1: Ball 1-1: Foul Ball, location: 2F 1-2: Strikes out swinging
|
| Bottom of the 5th over - 0 runs, 0 hits, 0 errors, 1 left on base; Los Angeles 0 - Philadelphia 0 |
| TOP OF THE 6TH |
|
Los Angeles Dodgers batting - Pitching for Philadelphia Phillies : RHP Julian Bush
|
|
Batting: RHB Edwin Soto
|
0-0: Ball 1-0: Foul Ball, location: 2F 1-1: Foul Ball, location: 2F 1-2: Foul Ball, location: 2F 1-2: Foul Ball, location: 2F 1-2: Ball 2-2: Strikes out swinging
|
|
Batting: SHB Carlos Rodriguez
|
0-0: Ball 1-0: Foul Ball, location: 2F 1-1: SINGLE (Groundball, 34D, EV 105.6 MPH)
|
|
Batting: RHB Tsutomu Irie
|
0-0: Called Strike 0-1: Ball 1-1: Foul Ball, location: 2F 1-2: Ball 2-2: Ball 3-2: Strikes out swinging Carlos Rodriguez steals 2nd base (no throw) Batter strikes out.
|
|
Batting: LHB Bob Branham
|
0-0: Ball 1-0: Ground out 5-3 (Groundball, 6S, EV 68.8 MPH)
|
| Top of the 6th over - 0 runs, 1 hit, 0 errors, 1 left on base; Los Angeles 0 - Philadelphia 0 |
| BOTTOM OF THE 6TH |
|
Philadelphia Phillies batting - Pitching for Los Angeles Dodgers : RHP Adrian Serratos
|
|
Batting: RHB Ji-an Li
|
0-0: Called Strike 0-1: Ball 1-1: Called Strike 1-2: Strikes out swinging
|
|
Batting: LHB Nick Canizales
|
0-0: Ball 1-0: Ball 2-0: Ball 3-0: Called Strike 3-1: Called Strike 3-2: Base on Balls
|
|
Batting: LHB Eric Katz
|
0-0: Ball 1-0: Foul Ball, location: 2F 1-1: Ball 2-1: Called Strike 2-2: Strikes out swinging
|
|
Batting: LHB Ryan Trombley
|
0-0: Ball 1-0: Called Strike 1-1: Foul Ball, location: 2F 1-2: 2-RUN HOME RUN (Flyball, 89XD, EV 98.1 MPH), Distance : 399 ft
|
|
Batting: RHB Raul de la Cruz
|
0-0: Called Strike 0-1: Ball 1-1: Called Strike 1-2: Foul Ball, location: 2F 1-2: Ball 2-2: Fly out, F8 (Flyball, 8RXD, EV 106.9 MPH)
|
| Bottom of the 6th over - 2 runs, 1 hit, 0 errors, 0 left on base; Los Angeles 0 - Philadelphia 2 |
| TOP OF THE 7TH |
|
Los Angeles Dodgers batting - Pitching for Philadelphia Phillies : RHP Julian Bush
|
|
Batting: LHB Lirak Bazhunaishvili
|
0-0: SOLO HOME RUN (Flyball, 7D, EV 96.9 MPH), Distance : 369 ft
|
|
Batting: RHB Clay Buchanan
|
0-0: Called Strike 0-1: Foul Ball, location: 2F 0-2: Fly out, F7 (Flyball, 78M, EV 86.9 MPH)
|
|
Batting: LHB Ryan Taylor
|
0-0: Swinging Strike 0-1: Called Strike 0-2: Ball 1-2: Fly out, F8 (Flyball, 8LD, EV 94.4 MPH)
|
|
Batting: RHB Ben Mischnick
|
0-0: Ball 1-0: Swinging Strike 1-1: Foul Ball, location: 2F 1-2: Strikes out swinging
|
| Top of the 7th over - 1 run, 1 hit, 0 errors, 0 left on base; Los Angeles 1 - Philadelphia 2 |
| BOTTOM OF THE 7TH |
|
Philadelphia Phillies batting - Pitching for Los Angeles Dodgers : RHP Adrian Serratos
|
|
Pitching: LHP Josh Ramirez
|
|
|
Batting: LHB Alberto Figueroa
|
0-0: Swinging Strike 0-1: Called Strike 0-2: Ball 1-2: Foul Ball, location: 2F 1-2: SINGLE (Groundball, 34D, EV 98.8 MPH)
|
|
Batting: RHB Chef Belew
|
0-0: Ball 1-0: DOUBLE (Flyball, 8RXD, EV 89.4 MPH) Alberto Figueroa to third
|
|
Batting: SHB Patrick Kimmel
|
0-0: Fly out, F8 (Flyball, 78M, EV 79.4 MPH)
|
|
Batting: RHB Luis Arce
|
0-0: Ball 1-0: SINGLE (Groundball, 56, EV 100.6 MPH) Alberto Figueroa scores Chef Belew to third Runner from 3rd tries for Home, SAFE, throw by LF to home Luis Arce to second
|
|
Batting: RHB Ji-an Li
|
0-0: Intentional Walk
|
|
Batting: LHB Nick Canizales
|
0-0: SINGLE (Groundball, 56S, EV 72.5 MPH) (infield hit) Luis Arce to third Ji-an Li to second
|
|
Batting: LHB Eric Katz
|
0-0: SINGLE (Groundball, 56, EV 98.1 MPH) Luis Arce scores Ji-an Li to third Nick Canizales to second Runner from 3rd tries for Home, SAFE, throw by LF to home
|
|
Pitching: LHP Sam Zegarelli
|
|
|
Batting: LHB Ryan Trombley
|
0-0: Called Strike 0-1: Ball 1-1: Swinging Strike 1-2: Strikes out swinging
|
|
Batting: RHB Raul de la Cruz
|
0-0: Called Strike 0-1: Ball 1-1: Called Strike 1-2: Ball Wild Pitch! Nick Canizales to third Eric Katz to second 2-2: Strikes out swinging
|
| Bottom of the 7th over - 4 runs, 5 hits, 0 errors, 2 left on base; Los Angeles 1 - Philadelphia 6 |
| TOP OF THE 8TH |
|
Los Angeles Dodgers batting - Pitching for Philadelphia Phillies : RHP Julian Bush
|
|
Batting: LHB Dalton Silveira
|
0-0: Ball 1-0: Fly out, F7 (Flyball, 78M, EV 90.0 MPH)
|
|
Batting: RHB Edwin Soto
|
0-0: Called Strike 0-1: Ball 1-1: Foul Ball, location: 2F 1-2: Fly out, F8 (Line Drive, 8RM, EV 85.0 MPH)
|
|
Batting: SHB Carlos Rodriguez
|
0-0: Swinging Strike 0-1: Ball 1-1: Swinging Strike 1-2: Strikes out swinging
|
| Top of the 8th over - 0 runs, 0 hits, 0 errors, 0 left on base; Los Angeles 1 - Philadelphia 6 |
| BOTTOM OF THE 8TH |
|
Philadelphia Phillies batting - Pitching for Los Angeles Dodgers : LHP Sam Zegarelli
|
|
Batting: LHB Alberto Figueroa
|
0-0: Foul Ball, location: 2F 0-1: Foul Ball, location: 2F 0-2: Ground out U3 (Groundball, 3, EV 101.9 MPH)
|
|
Batting: RHB Chef Belew
|
0-0: Ball 1-0: Ball 2-0: Fly out, F8 (Flyball, 8LS, EV 82.5 MPH)
|
|
Batting: SHB Patrick Kimmel
|
0-0: Called Strike 0-1: Called Strike 0-2: Strikes out looking
|
| Bottom of the 8th over - 0 runs, 0 hits, 0 errors, 0 left on base; Los Angeles 1 - Philadelphia 6 |
| TOP OF THE 9TH |
|
Los Angeles Dodgers batting - Pitching for Philadelphia Phillies : RHP Julian Bush
|
|
Pitching: LHP Luis Concepcion
|
|
|
Batting: RHB Tsutomu Irie
|
0-0: Called Strike 0-1: Called Strike 0-2: Foul Ball, location: 2F 0-2: Ball 1-2: Ball 2-2: Ball 3-2: SOLO HOME RUN (Flyball, 7LD, EV 93.8 MPH), Distance : 340 ft
|
|
Batting: LHB Bob Branham
|
0-0: DOUBLE (Line Drive, 89D, EV 103.8 MPH)
|
|
Batting: LHB Lirak Bazhunaishvili
|
0-0: Ball 1-0: Called Strike 1-1: Foul Ball, location: 2F 1-2: Strikes out looking
|
|
Batting: RHB Clay Buchanan
|
0-0: Ball 1-0: Ball 2-0: Ball 3-0: Base on Balls
|
|
Pitching: LHP Randy Karnes
|
|
|
Batting: LHB Ryan Taylor
|
0-0: Called Strike 0-1: Swinging Strike 0-2: Foul Ball, location: 2F 0-2: SINGLE (Flyball, 8RS, EV 92.5 MPH) Bob Branham to third Clay Buchanan to second
|
|
Batting: RHB Ben Mischnick
|
0-0: Swinging Strike 0-1: Ball 1-1: Swinging Strike 1-2: Ball 2-2: Ball 3-2: Foul Ball, location: 2F 3-2: Strikes out looking
|
|
Pinch Hitting: RHB Isaiah Yarbrough
|
0-0: Swinging Strike 0-1: Called Strike 0-2: Foul Ball, location: 2F 0-2: Ball 1-2: Strikes out looking
|
| Top of the 9th over - 1 run, 3 hits, 0 errors, 3 left on base; Los Angeles 2 - Philadelphia 6 |
|